 Dungeon Crawl Stone Soup version 0.27-a0-1186-g8b4daa1eef (webtiles) character file.

Game seed: 8720436961822066021

429 spiderkeys the Sneak (level 6, 0/41 HPs)
             Began as an Octopode Earth Elementalist on May 19, 2021.
             Succumbed to a scorpion's poison
             ... on level 4 of the Dungeon.
             The game lasted 00:07:45 (4947 turns).

spiderkeys the Sneak (Octopode Earth Elementalist)  Turns: 4947, Time: 00:07:45

Health: 0/41       AC:  1    Str:  8    XL:     6   Next: 98%
Magic:  10/10      EV: 17    Int: 25    God:
Gold:   190        SH:  0    Dex: 12    Spells: 10/11 levels left

rFire    . . .     SeeInvis +   h - +0 dagger (elec)
rCold    . . .     Faith    .   (no shield)
rNeg     . . .     Spirit   .   (helmet restricted)
rPois    .         Reflect  .   (no amulet)
rElec    .         Harm     .   v - ring of see invisible
rCorr    +         Rampage  .   E - +4 ring of evasion
Will     .....                  I - +6 ring of intelligence
Stlth    ++++......             R - ring of resist corrosion
HPRegen  0.13/turn              (no ring)
MPRegen  0.12/turn              (no ring)
                                (no ring)
                                (no ring)

@: lethally poisoned (0 -> -7), attractive
A: almost no armour, amphibious, 8 rings, camouflage 1, gelatinous body 1,
(nimble swimmer 1), tentacles
a: no special abilities


You were on level 4 of the Dungeon.
You visited 1 branch of the dungeon, and saw 4 of its levels.

You collected 190 gold pieces.


Innate Abilities, Weirdness & Mutations

You cannot wear most types of armour.
You are amphibious.
You can wear up to eight rings at the same time.
Your skin changes colour to match your surroundings (Stealth+).
Your rubbery body absorbs attacks. (AC +1, EV +1)
((You are camouflaged near water. (Stealth+)))
You have tentacles for arms and can constrict up to eight enemies at once.


   Skills:
 + Level 2.5 Fighting
 + Level 3.3 Dodging
 + Level 4.9 Stealth
 + Level 3.1 Spellcasting
 + Level 2.7 Transmutations
 + Level 4.2 Earth Magic


You had 10 spell levels left.
You knew the following spells:

 Your Spells              Type           Power      Damage    Failure   Level
z - Sandblast             Erth           48%        2d12      1%          1

Your spell library contained the following spells:

 Spells                   Type           Power      Damage    Failure   Level
 Beastly Appendage        Tmut           34%        N/A       3%          1
 Passwall                 Tmut/Erth      17%        N/A       3%          2
 Wereblood                Tmut           17%        N/A       4%          2
 Corona                   Hex            3%         N/A       10%         1
 Stone Arrow              Conj/Erth      28%        3d8       13%         3
 Ensorcelled Hibernation  Hex/Ice        6%         N/A       16%         2
 Spider Form              Tmut/Pois      5%         N/A       17%         3
 Petrify                  Tmut/Erth      21%        N/A       24%         4
 Confusing Touch          Hex            3%         N/A       30%         3
 Dazzling Flash           Conj/Hex       6%         N/A       30%         3
 Tukima's Dance           Hex            3%         N/A       30%         3
 Lee's Rapid Deconstruct  Erth           12%        3d9*      45%         5
 Ice Form                 Ice/Tmut       10%        N/A       50%         4
 Hydra Form               Tmut           8%         N/A       65%         5

Inventory:

Hand Weapons
 a - a +0 dagger of flaming
   (You took it off a goblin on level 1 of the Dungeon)
 h - a +0 dagger of electrocution (weapon)
   (You took it off an orc on level 3 of the Dungeon)
Missiles
 b - 135 stones
 f - 4 boomerangs of dispersal {=f!f}
Jewellery
 v - a ring of see invisible (left tentacle)
   (You found it on level 2 of the Dungeon)
 E - a +4 ring of evasion (right tentacle)
   (You found it on level 3 of the Dungeon)
 I - a +6 ring of intelligence (on tentacle)
   (You took it off a goblin on level 3 of the Dungeon)
 R - a ring of resist corrosion (on tentacle)
   (You found it on level 3 of the Dungeon)
Scrolls
 c - a scroll of teleportation {@r4}
 d - 2 scrolls of noise {!r}

Dungeon Overview and Level Annotations

Branches:
Dungeon (4/15)
 Temple: D:4-7

Altars:
Qazlal
Vehumet

##........###....# ##.#.. ***
##......###.....## #..#.. **,*
###...####...#..>###..#..
*,,***##.....###...####.......#.
***,*#........#...#* ##.......#
**,..#####.....#* ##.......
*,#** ##>..## ##.....$ **,*
##...# #...... *,** #.@.#
*#...... **,* *#.††#* **#.......
*,,*** **#.....#****...###...
***,,** **.........,,...#* ###.
**,,***...........,..#* #.
**,,....)......##..,,* #.
*,,...........#**.,,** #.
*,,.###........,,*,,,** **,
**,,** **,,,,,,,,,,,,,,***,,


There were no monsters in sight!


Message History

Found a stone staircase leading down.
Okay, then.
A hound comes into view.
A scorpion comes into view.
The hound barks!
The hound closely misses you.
You hit the hound but do no damage. You grab the hound.
You squeeze the hound, but do no damage.
You constrict the hound. The hound closely misses you.
The hound completely misses you.
You hit the hound.
You squeeze the hound, but do no damage.
You constrict the hound. The hound closely misses you.
You hit the hound but do no damage. Lightning courses through the hound!!
You kill the hound!
The scorpion barely misses you. The scorpion stings you.
You are poisoned.
The scorpion poisons you!
Your Spellcasting skill increases to level 3! 😕 HP[-5]
You now have 41 max hp (+1).
You take 5 damage, and now have 35/41 hp.
Casting: Sandblast (safe; 1% risk of failure)
Confirm with . or Enter, or press ? or * to list all spells.
Aiming: Sandblast (safe; 1% risk of failure)
Press: ? - help, Shift-Dir - straight line, f - scorpion
Aim: a scorpion (81% to hit)
The blast of sand hits the scorpion!
You feel sick.
The scorpion completely misses you. 😕 HP[-2] MP[-1]
You take 2 damage, and now have 33/41 hp.
You lost 1 mp, and now have 9/10 mp.
Casting: Sandblast (safe; 1% risk of failure)
Confirm with . or Enter, or press ? or * to list all spells.
Aiming: Sandblast (safe; 1% risk of failure)
Press: ? - help, Shift-Dir - straight line, f/p - scorpion
Aim: a scorpion (heavily wounded, 81% to hit)
The blast of sand misses the scorpion.
You feel sick. The scorpion stings you.
You are more poisoned.
The scorpion poisons you! 😮 HP[-7] MP[-1]
You take 7 damage, and now have 26/41 hp.
You lost 1 mp, and now have 8/10 mp.
Casting: Sandblast (safe; 1% risk of failure)
Confirm with . or Enter, or press ? or * to list all spells.
Aiming: Sandblast (safe; 1% risk of failure)
Press: ? - help, Shift-Dir - straight line, f/p - scorpion
Aim: a scorpion (heavily wounded, 81% to hit)
The blast of sand hits the scorpion!
You feel very sick. The scorpion stings you.
* * * LOW HITPOINT WARNING * * *
You are lethally poisoned!
The scorpion poisons you! 😨 HP[-8] MP[-1]
You take 8 damage, and now have 18/41 hp.
You lost 1 mp, and now have 7/10 mp.
Unknown command.
Casting: Sandblast (safe; 1% risk of failure)
Confirm with . or Enter, or press ? or * to list all spells.
Aiming: Sandblast (safe; 1% risk of failure)
Press: ? - help, Shift-Dir - straight line, f/p - scorpion
Aim: a scorpion (almost dead, 81% to hit)
The blast of sand hits the scorpion!
You kill the scorpion!
* * * LOW HITPOINT WARNING * * *
You feel very sick. 😨 HP[-5] MP[-1]
You take 5 damage, and now have 13/41 hp.
You lost 1 mp, and now have 6/10 mp.
Okay, then.
It was a potion of magic.
Magic courses through your body.
* * * LOW HITPOINT WARNING * * *
You feel very sick. 😱 HP[-4] MP[+4]
You take 4 damage, and now have 9/41 hp.
Your mp is fully restored (10).
It was a potion of attraction.
You feel attractive to monsters.
* * * LOW HITPOINT WARNING * * *
You feel very sick. 😱 HP[-3]
You take 3 damage, and now have 6/41 hp.
Okay, then.
You aren't carrying any potions.
As you read the scroll labelled CITWIR MOQIPESCH, it crumbles to dust.
It is a scroll of amnesia.
Really abort (and waste the scroll)? [Y]es or [N]o only, please.
Really abort (and waste the scroll)?
Okay, then.
* * * LOW HITPOINT WARNING * * *
You feel very sick. 😱 HP[-2]
You take 2 damage, and now have 4/41 hp.
* * * LOW HITPOINT WARNING * * *
You feel sick. 😱 HP[-2]
You take 2 damage, and now have 2/41 hp.
You die...

Skill      XL: |  1  2  3  4  5  6 |
---------------+-------------------+-----
Stealth        | 3 4 |  4.9
Fighting       | 1 2 |  2.5
Transmutations | 2 |  2.7
Dodging        | 3 |  3.3
Earth Magic    | 4 |  4.2
Spellcasting   | 3 |  3.1

Action                   |  1- 3 |  4- 6 || total
-------------------------+-------+-------++-------
Melee: Unarmed           |    11 |       ||    11
       Dagger            |    66 |    98 ||   164
       Constrict         |    15 |    23 ||    38
       Tentacles         |    11 |    12 ||    23
Throw: Stone             |       |     1 ||     1
 Cast: Sandblast         |     9 |    39 ||    48
  Use: Scroll            |     3 |     4 ||     7
       Potion            |       |     2 ||     2
 Stab: Sleeping          |    11 |    11 ||    22
Armor: Skin              |     4 |     3 ||     7
Dodge: Dodged            |    35 |    76 ||   111

Levels and vault maps discovered:
D:1:      dpeg_arrival_houses_and_road, layout_loops_ring
D:2:      layout_basic, ebering_ecumenical_altar_rust, basic_altar
D:3:      kennysheep_goblin_castle, layout_loops_ring, grunt_decor_one_mirror,
          minmay_misc_feat_rows, nicolae_underground_beach
D:4:      layout_layer_cave, grunt_qazlal_clouds, gup_sewer_entry_bowl

Notes
Turn   | Place    | Note
-------+----------+-------------------------------------------
     0 | D:1      | spiderkeys the Octopode Earth Elementalist began the quest
                  | for the Orb.
     0 | D:1      | Reached XP level 1. HP: 11/11 MP: 3/3
     0 | D:1      | magus.rc [v1.9.10]
   205 | D:1      | Reached skill level 3 in Stealth
   205 | D:1      | Reached XP level 2. HP: 11/18 MP: 5/5
  1002 | D:1      | Reached XP level 3. HP: 22/22 MP: 6/6
  1291 | D:1      | Reached skill level 1 in Fighting
  1555 | D:2      | Found a faded altar of an unknown god.
  1626 | D:2      | Found a radiant altar of Vehumet.
  1639 | D:2      | Reached XP level 4. HP: 20/28 MP: 3/7
  2937 | D:3      | HP: 7/28 [orc wizard/magic dart (5)]
  2939 | D:3      | Reached skill level 4 in Stealth
  2939 | D:3      | Reached skill level 2 in Transmutations
  2939 | D:3      | Reached XP level 5. HP: 9/33 MP: 0/8
  3237 | D:3      | You fall into a shaft and drop 1 floor!
  3842 | D:3      | Noticed Robin
  3856 | D:3      | Killed Robin
  4008 | D:3      | You pick up a book of Maledictions and begin reading...
  4008 | D:3      | You add the spells Corona, Ensorcelled Hibernation,
                  | Confusing Touch, Tukima's Dance and Dazzling Flash to your
                  | library.
  4151 | D:3      | Reached skill level 2 in Fighting
  4531 | D:4      | Found a stormy altar of Qazlal.
  4539 | D:4      | Noticed a necrophage
  4571 | D:4      | Reached skill level 3 in Dodging
  4573 | D:4      | Killed a necrophage
  4574 | D:4      | Reached skill level 4 in Earth Magic
  4574 | D:4      | Reached XP level 6. HP: 19/39 MP: 6/10
  4885 | D:4      | You pick up a book of Changes and begin reading...
  4885 | D:4      | You add the spells Beastly Appendage, Wereblood, Spider
                  | Form, Ice Form and Hydra Form to your library.
  4939 | D:4      | Reached skill level 3 in Spellcasting
  4943 | D:4      | HP: 9/41 [poisoned by a scorpion]
  4945 | D:4      | HP: 4/41 [poisoned by a scorpion]
  4947 | D:4      | Succumbed to a scorpion's poison

Vanquished Creatures
  A necrophage (D:4)
  A scorpion (D:4)
  2 orc priests
  A hound (D:4)
  An orc wizard (D:3)
  Robin (D:3)
  6 adders
  An adder skeleton (D:3)
  A worm (D:2)
  6 dart slugs
  6 orcs
  5 endoplasms
  3 giant cockroaches
  20 goblins
  6 hobgoblins
  3 jackals (D:3)
  4 quokkas
  4 ball pythons
  6 bats
  4 frilled lizards
  6 kobolds
  5 rats
93 creatures vanquished.

Table legend:
 A = Non-vault XP
 B = Vault XP
 C = Vault XP percentage of total XP
 D = Non-vault monster count
 E = Vault monster count
 F = Vault count percentage of total count
                 A         B        C        D         E       F
            +---------+---------+-------+---------+---------+-------
      Total |     555 |      58 |   9.5 |      69 |      24 |  25.8
            +---------+---------+-------+---------+---------+-------
        D:1 |      51 |       0 |   0.0 |      29 |       0 |   0.0
        D:2 |      57 |       0 |   0.0 |      12 |       0 |   0.0
        D:3 |     130 |      52 |  28.6 |      17 |      21 |  55.3
        D:4 |     317 |       6 |   1.9 |      11 |       3 |  21.4
            +---------+---------+-------+---------+---------+-------

Illustrated notes

Table legend:
 A = Kills in this place as a percentage of kills in entire the game.
 B = Kills by you in this place as a percentage of kills by you in the entire game.
 C = Kills by friends in this place as a percentage of kills by friends in the entire game.
 D = Other kills in this place as a percentage of other kills in the entire game.
 E = Experience gained in this place as a percentage of experience gained in the entire game.
 F = Experience gained in this place divided by the number of levels of this place that you have seen.
                   A       B       C       D       E      F
               +-------+-------+-------+-------+-------+----------------------
         Total | 100.0 | 100.0 |   N/A |   N/A | 100.0 | 153.2
       Dungeon | 100.0 | 100.0 |   N/A |   N/A | 100.0 | 153.2
               +-------+-------+-------+-------+-------+----------------------

Table legend: (Time is in decaauts)
 A = Elapsed time spent in this place.
 B = Non-inter-level travel time spent in this place.
 C = Inter-level travel time spent in this place.
 D = Time resting spent in this place.
 E = Time spent auto-exploring this place.
 F = Levels seen in this place.
 G = Mean time per level.
                   A        B        C        D        E       F      G
               +--------+--------+--------+--------+--------+-----+--------+
         Total |   4944 |   4836 |    108 |    484 |   3610 |   4 | 1236.0 |
       Dungeon |   4944 |   4836 |    108 |    484 |   3610 |   4 | 1236.0 |
               +--------+--------+--------+--------+--------+-----+--------+

Top non-repeatable levels by time:
     D:3: 2252 daAuts
     D:1: 1552 daAuts
     D:2: 673 daAuts
     D:4: 466 daAuts
